 Dungeon Crawl Stone Soup version 0.31-a0-977-gc230f8ef24 (webtiles) character file.

Game seed: 6520793427982637208

196 Shayle the Trooper (level 5, 0/49 HPs)
             Began as a Tengu Hexslinger on Oct 29, 2023.
             Slain by a gnoll
             ... wielding a +0 spear
             ... led by a gnoll bouda
              (6 damage)
             ... on level 4 of the Dungeon.
             The game lasted 00:03:52 (1630 turns).

Shayle the Trooper (Tengu Hexslinger)               Turns: 1630, Time: 00:03:53

Health: 0/49       AC:  2    Str:  6 (8)  XL:     5   Next: 75%
Magic:  7/7        EV: 12    Int: 13 (16) God:
Gold:   122        SH:  0    Dex: 13 (16) Spells: 4/6 levels left

rFire   . . .        n - +2 whip (venom)
rCold   . . .        (no shield)
rNeg    . . .        c - +0 robe
rPois   .            (helmet restricted)
rElec   .            (no cloak)
rCorr   .            (no gloves)
SInv    .            (boots unavailable)
Will    .....        (no amulet) Stlth
                     (no ring)
HPRegen 1.08/turn    (no ring)
MPRegen 0.10/turn

%: acrobat
@: berserking, invisible, very quick
A: beak, talons 3, acrobatic, regeneration 1
a: no special abilities


You were on level 4 of the Dungeon.
You visited 1 branch of the dungeon, and saw 4 of its levels.

You collected 122 gold pieces.

Inventory:

Hand Weapons
 a - a +1 sling
 n - a +2 whip of venom (weapon)
 s - the +3 short sword of Jem Juit {flame, Dex+2 SInv}
   (You found it on level 3 of the Dungeon)

   Dex+2:     It affects your dexterity (+2).
   SInv:      It lets you see invisible.
Armour
 c - a +0 robe (worn)
 m - the +1 robe "Lyextol" {Harm rN++}
   (You found it on level 2 of the Dungeon)

   rN++:      It greatly protects you from negative energy.
   Harm:      It increases damage dealt and taken.
 t - a +0 pair of gloves
Talismans
 k - a talisman of death
Scrolls
 b - a scroll of poison
 e - a scroll of teleportation {unknown}
 f - 5 scrolls of blinking {unknown}
 g - a scroll of immolation {unknown}
 h - a scroll of fear {unknown}
 i - 2 scrolls of identify {unknown}
 l - a scroll of summoning {unknown}
 q - a scroll of vulnerability {unknown}
 r - a scroll of enchant armour {unknown}
Potions
 o - 2 potions of degeneration
 p - a potion of mutation


   Skills:
 + Level 3.9 Fighting
 - Level 2.1 Ranged Weapons
 - Level 2.1 Dodging
 + Level 3.9 Unarmed Combat
 - Level 1.0 Spellcasting
 - Level 2.1 Hexes
 - Level 1.1 Fire Magic


You had 4 spell levels left.
You knew the following spells:

 Your Spells              Type           Power      Damage    Failure   Level
a - Jinxbite              Hex            12%        N/A       17%         2

Your spell library contained the following spells:

 Spells                   Type           Power      Damage    Failure   Level
 Sigil of Binding         Hex            6%         N/A       34%         3
 Blink                    Tloc           0%         N/A       38%         2
 Inner Flame              Hex/Fire       4%         N/A       41%         3
 Ozocubu's Armour         Ice            0%         N/A       63%         3
 Cause Fear               Hex            3%         N/A       75%         4
 Dimensional Bullseye     Hex/Tloc       1%         N/A       87%         4
 Manifold Assault         Tloc           0%         N/A       95%         4
 Ozocubu's Refrigeration  Ice            0%         4d7       100%        7


Dungeon Overview and Level Annotations

Branches:
Dungeon (3/15)

Altars:

Shops:
D:1 [


Innate Abilities, Weirdness & Mutations

You have a beak for a mouth.
You have claws for feet.
You can magically evade attacks while moving or waiting.
Your natural rate of healing is unusually fast.


Message History

The phantom hits you.
The phantom blinks!
You blink.
You hit the phantom but do no damage.
The phantom is heavily damaged.
The phantom hits you.
The phantom blinks!
You blink.
You hit the phantom. Your kick misses the phantom.
The phantom is severely damaged.
The phantom hits you.
You hit the phantom. Your peck misses the phantom. You punch the phantom.
The phantom is almost destroyed.
The phantom hits you but does no damage.
You hit the phantom but do no damage. Your kick misses the phantom.
The phantom is almost destroyed.
The phantom hits you.
You hit the phantom. Your kick misses the phantom. You punch the phantom.
You destroy the phantom!
A gnoll comes into view. It is wielding a +0 spear.
The gnoll shouts!
You hit the gnoll bouda.
The gnoll bouda is poisoned.
You claw the gnoll bouda, but do no damage.
Your punch misses the gnoll bouda.
The gnoll bouda is lightly wounded.
The gnoll bouda hits you with a +0 whip!
* * * LOW HITPOINT WARNING * * *
It was a potion of degeneration.
There was something very wrong with that liquid.
You feel weakened.
You feel dopey.
You feel clumsy.
The gnoll bouda barks out a call to the hunt!
The gnoll picks up the pace!
It was a potion of mutation.
You feel extremely strange.
You begin to heal more quickly.
The gnoll bouda hits you with a +0 whip.
* * * LOW HITPOINT WARNING * * *
It was a potion of invisibility.
You fade into invisibility!
The gnoll bouda completely misses you.
It was a potion of berserk rage.
A red film seems to cover your vision as you go berserk!
You feel yourself moving faster!
You feel mighty!
The gnoll hits you from afar with a +0 spear.
You die...

.# ####### #+# .#
#.....# #.. .#
#.....# #.# ##.#
#$@g..# #.# ...
##.....#####.# #.#
#..g...+..).)####.#
#......######.....#
#......# #.##..##
#......# #+##....
#......# #.##.
#.###### +.... #.
#.##.


You could see a gnoll bouda (unable to see you, very poisoned) and a gnoll
(swift, unable to see you).

Vanquished Creatures
  A phantom (D:4)
  An orc priest (D:4)
  An adder (D:2)
  A worm (D:3)
  3 dart slugs (D:1)
  3 orcs (D:4)
  7 ball pythons
  6 endoplasms
  3 giant cockroaches
  9 goblins
  4 hobgoblins
  4 jackals (D:2)
  9 kobolds
  2 quokkas
  2 bats (D:1)
  A frilled lizard (D:1)
  6 rats
63 creatures vanquished.

Notes
Turn   | Place    | Note
-------+----------+-------------------------------------------
     0 | D:1      | Shayle the Tengu Hexslinger began the quest for the Orb.
     0 | D:1      | Reached XP level 1. HP: 12/12 MP: 3/3
    83 | D:1      | Found Fasixkue's Armour Boutique.
   110 | D:1      | Reached skill level 1 in Unarmed Combat
   171 | D:1      | Reached XP level 2. HP: 16/16 MP: 4/4
   174 | D:1      | Learned a level 2 spell: Jinxbite
   390 | D:1      | Reached XP level 3. HP: 21/21 MP: 5/5
   754 | D:2      | Identified the +1 robe "Lyextol" {Harm rN++}
   942 | D:2      | Reached XP level 4. HP: 27/27 MP: 6/6
  1311 | D:3      | Identified the +3 short sword of Jem Juit {flame, Dex+2
                  | SInv}
  1445 | D:3      | You fall into a shaft and drop 1 floor!
  1483 | D:4      | Reached XP level 5. HP: 5/32 MP: 7/7
  1608 | D:4      | Noticed a phantom
  1625 | D:4      | Killed a phantom
  1628 | D:4      | Gained mutation: Your natural rate of healing is unusually
                  | fast. [potion of mutation]
  1630 | D:4      | Slain by a gnoll

Illustrated notes

Levels and vault maps discovered:
D:1:      dpeg_arrival_windows_large_door, layout_loops_ring, serial_shops,
          nicolae_shop_advertising_works [nicolae_subvault_shop_adworks],
          reono_crystal_passage, minmay_box_of_dots
D:2:      layout_rooms
D:3:      layout_loops_ring, chequers_ecumenical_altar_simple,
          hellmonk_guarded_unrand_hermit
D:4:      layout_basic, serial_shops, nicolae_shop_crystal,
          chequers_serial_rivers_micro_c, kennysheep_another_room,
          minmay_misc_feat_tower, nicolae_wormholes

Skill      XL: |  1  2  3  4 |
---------------+-------------+-----
Unarmed Combat | 1 2 3 |  3.9
Fighting       | 2 3 |  3.9
Ranged Weapons | |  2.1
Dodging        | |  2.1
Spellcasting   | |  1.0
Hexes          | |  2.1
Fire Magic     | |  1.1

Action                     |  1- 3 |  4- 6 || total
---------------------------+-------+-------++-------
  Melee: Whip              |    21 |    69 ||    90
         Kick              |     5 |    23 ||    28
         Punch             |     3 |     4 ||     7
         Peck              |     2 |     6 ||     8
   Fire: Sling             |    71 |       ||    71
    Use: Potion            |       |     4 ||     4
 Armour: Robe              |    14 |    40 ||    54
  Dodge: Dodged            |    16 |    33 ||    49

Table legend: (Time is in decaauts)
 A = Elapsed time spent in this place.
 B = Non-inter-level travel time spent in this place.
 C = Inter-level travel time spent in this place.
 D = Time resting spent in this place.
 E = Time spent auto-exploring this place.
 F = Levels seen in this place.
 G = Mean time per level.
                   A        B        C        D        E       F      G
               +--------+--------+--------+--------+--------+-----+--------+
         Total |   1660 |   1600 |     60 |    128 |    992 |   4 |  415.0 |
       Dungeon |   1660 |   1600 |     60 |    128 |    992 |   4 |  415.0 |
               +--------+--------+--------+--------+--------+-----+--------+

Top non-repeatable levels by time:
     D:1: 706 daAuts
     D:2: 573 daAuts
     D:3: 192 daAuts
     D:4: 187 daAuts
